 Dungeon Crawl Stone Soup version 0.32-a0-931-g5a2cda0630 (webtiles) character file.

Game seed: 18049104854862511166

221 Notanamesir the Shooter (level 5, -1/38 HPs)
             Began as a Coglin Hunter on Apr 13, 2024.
             Slain by Edmund
             ... wielding a +2 flail of protection
              (7 damage)
             ... on level 5 of the Dungeon.
             The game lasted 00:04:13 (1378 turns).

Notanamesir the Shooter (Coglin Hunter)             Turns: 1378, Time: 00:04:14

Health: -1/38      AC:  4    Str: 11    XL:     5   Next: 98%
Magic:  5/5        EV: 11    Int:  8    God:
Gold:   24         SH:  0    Dex: 20    Spells: 2/4 levels left

rFire   . . .        a - +2 sling {Mettia}
rCold   . . .        d - +0 sling {Zihan}
rNeg    . . .        c - +1 leather armour
rPois   .            (no helmet)
rElec   .            (no cloak)
rCorr   .            (no gloves)
SInv    .            (no boots)
Will    .....        (amulet unavailable)
Stlth   ++           (ring unavailable)
HPRegen 0.26/turn    (ring unavailable)
MPRegen 0.09/turn    (no gizmo)

%: no passive effects
@: revved
A: off-hand wielding, slow wielding, warmup strikes, no jewellery
a: Invent Gizmo


You were on level 5 of the Dungeon.
You visited 1 branch of the dungeon, and saw 5 of its levels.

You collected 154 gold pieces.
You spent 130 gold pieces at shops.

Inventory:

Hand Weapons
 a - a +2 sling (weapon) {Mettia}
 d - a +0 sling (offhand) {Zihan}
 g - the +3 hand cannon "Nulitz" {drain, ^Drain rC++ rN+ Str+3}
   (You acquired it on level 1 of the Dungeon)

   Str+3:     It affects your strength (+3).
   rC++:      It greatly protects you from cold.
   rN+:       It protects you from negative energy.
   ^Drain:    It drains your maximum health when unequipped.
Armour
 c - a +1 leather armour (worn)
Wands
 n - a wand of paralysis (10)
Scrolls
 b - a scroll of butterflies
 e - 3 scrolls of teleportation
Potions
 h - a potion of mutation
 j - a potion of ambrosia
 k - a potion of haste {unknown}
 l - a potion of degeneration {unknown}
 m - a potion of enlightenment


   Skills:
 - Level 2.0 Fighting
 + Level 6.3 Ranged Weapons
 - Level 1.8 Dodging
 - Level 0.8 Stealth


You had 2 spell levels left.
You knew the following spells:

 Your Spells              Type           Power      Damage    Failure   Level
a - Blink                 Tloc           0%         N/A       65%         2

Your spell library contained the following spells:

 Spells                   Type           Power      Damage    Failure   Level
 Lesser Beckoning         Tloc           0%         N/A       65%         2
 Momentum Strike          Conj/Tloc      0%         3d8       65%         2


Dungeon Overview and Level Annotations

Branches:
Dungeon (5/15)
 Temple: D:4-7

Altars:
Cheibriados

Shops:
D:2 =   D:3 !

Annotations:
D:3 Terence
D:5 Edmund


Innate Abilities, Weirdness & Mutations

You can wield a second weapon in your off-hand.
It takes a long time for you to wield or remove held weapons.
Your first few attacks do less damage.
You cannot equip rings or amulets.


Message History

Edmund hits you with a +2 flail of protection!
* * * LOW HITPOINT WARNING * * *
You feel much better.
Edmund hits you with a +2 flail of protection.
You shoot a sling bullet.
The sling bullet hits Edmund but does no damage.
Edmund is heavily wounded.
You shoot a sling bullet. The sling bullet barely misses Edmund.
Edmund barely misses you.
Unknown command.
You shoot a sling bullet. The sling bullet closely misses Edmund.
You shoot a sling bullet.
The sling bullet hits Edmund but does no damage.
Edmund is heavily wounded.
Edmund hits you with a +2 flail of protection!
Unknown command.
You shoot a sling bullet. The sling bullet barely misses Edmund.
You shoot a sling bullet.
The sling bullet hits Edmund but does no damage.
Edmund is heavily wounded.
Edmund hits you with a +2 flail of protection.
Unknown command.
You shoot a sling bullet. The sling bullet closely misses Edmund.
You shoot a sling bullet.
The sling bullet hits Edmund but does no damage.
Edmund is heavily wounded.
Edmund says, "Everyone always remembers my brother. 'Who's Edmund?' they ask!"
Edmund hits you with a +2 flail of protection!
* * * LOW HITPOINT WARNING * * *
You feel better.
Edmund hits you with a +2 flail of protection.
* * * LOW HITPOINT WARNING * * *
Okay, then.
You shoot a sling bullet.
The sling bullet hits Edmund but does no damage.
Edmund is heavily wounded.
You shoot a sling bullet. The sling bullet barely misses Edmund.
Edmund hits you with a +2 flail of protection!
You die...
Edmund whines, "They better pay attention to me now!"

.# .#.# ..... ...# .#.# ....#
#...# .#.# .... #...# ...####
..# #...# # ......#
#.########...###..
#.....#######.#.@@............
#.............................
#.....#.##....................
#.....#.##.#..##.###.#<..#.#.
#######.##....##.# #.#...#
#.##.#..##.# #.#...#
#.##.#..##.# #.#@..#
#..........# #......
#######.#### ###...##


You could see Edmund.

Vanquished Creatures
  Menkaure (D:5)
  4 adders
  5 dart slugs
  An orc (D:3)
  6 bats
  4 endoplasms (D:1)
  4 giant cockroaches
  3 goblins
  9 hobgoblins
  A quokka (D:1)
  5 ball pythons
  7 frilled lizards
  2 kobolds
  2 rats
54 creatures vanquished.

Notes
Turn   | Place    | Note
-------+----------+-------------------------------------------
     0 | D:1      | Notanamesir the Coglin Hunter began the quest for the Orb.
     0 | D:1      | Reached XP level 1. HP: 16/16 MP: 1/1
   123 | D:1      | Reached XP level 2. HP: 22/22 MP: 2/2
   126 | D:1      | Reached skill level 4 in Ranged Weapons
   445 | D:1      | Reached XP level 3. HP: 27/27 MP: 3/3
   727 | D:1      | Identified a scroll of acquirement
   727 | D:1      | Acquired the +3 hand cannon "Nulitz" {drain, ^Drain rC++
                  | rN+ Str+3}
   789 | D:2      | Found a snail-covered altar of Cheibriados.
   874 | D:2      | Found Sepnaba's Jewellery Shop.
   878 | D:2      | Reached XP level 4. HP: 33/33 MP: 4/4
   913 | D:2      | Reached skill level 5 in Ranged Weapons
  1023 | D:2      | Learned a level 2 spell: Blink
  1291 | D:3      | Identified the +4 chain mail "Zelocov" {rElec rF++ Str-5}
  1307 | D:3      | Found Vuenim's Distillery.
  1313 | D:3      | Bought a potion of heal wounds for 65 gold pieces
  1313 | D:3      | Bought a potion of enlightenment for 65 gold pieces
  1318 | D:3      | Noticed Terence
  1318 | D:3      | You fall into a shaft and drop 2 floors!
  1318 | D:5      | Entered Level 5 of the Dungeon
  1331 | D:5      | Noticed Menkaure
  1335 | D:5      | Killed Menkaure
  1336 | D:5      | Reached skill level 6 in Ranged Weapons
  1336 | D:5      | Reached XP level 5. HP: 38/38 MP: 5/5
  1349 | D:5      | Noticed Edmund
  1371 | D:5      | HP: 1/38 [Edmund/+2 flail of protection (7)]
  1378 | D:5      | Slain by Edmund

Illustrated notes

Levels and vault maps discovered:
D:1:      wander_arrival_chamber, layout_loops_corners, minmay_small_reverse_x
D:2:      layout_basic, serial_shops, shop, basic_altar
D:3:      layout_rooms, serial_shops, shop, uniq_terence
D:4:      layout_gridville, serial_shops, shop, uniq_robin, uniq_grinder
D:5:      layout_loops_cross, serial_shops, nicolae_stop_n_shop_1,
          uniq_menkaure, uniq_edmund

Skill      XL: |  1  2  3  4 |
---------------+-------------+-----
Ranged Weapons | 4 6 |  6.3
Fighting       | |  2.0
Dodging        | |  1.8
Stealth        | |  0.8

Action                     |  1- 3 |  4- 6 || total
---------------------------+-------+-------++-------
   Fire: Sling             |   136 |   120 ||   256
    Use: Scroll            |     3 |     4 ||     7
         Potion            |       |     3 ||     3
 Armour: Leather armour    |     3 |    19 ||    22
  Dodge: Dodged            |     9 |    12 ||    21

Table legend: (Time is in decaauts)
 A = Elapsed time spent in this place.
 B = Non-inter-level travel time spent in this place.
 C = Inter-level travel time spent in this place.
 D = Time resting spent in this place.
 E = Time spent auto-exploring this place.
 F = Levels seen in this place.
 G = Mean time per level.
                   A        B        C        D        E       F      G
               +--------+--------+--------+--------+--------+-----+--------+
         Total |   1403 |   1395 |      8 |      0 |   1112 |   5 |  280.6 |
       Dungeon |   1403 |   1395 |      8 |      0 |   1112 |   5 |  280.6 |
               +--------+--------+--------+--------+--------+-----+--------+

Top non-repeatable levels by time:
     D:1: 750 daAuts
     D:2: 488 daAuts
     D:3: 102 daAuts
     D:5: 60 daAuts
     D:4: 1 daAuts
